 Dungeon Crawl Stone Soup version 0.29.0-11-gd7f09526c8 (webtiles) character file.

Game seed: 4733946848452184951

383433 inmateoo the Shatterer (level 22, -5/129 HPs)
             Began as a Gargoyle Wanderer on Sept 2, 2022.
             Was the Champion of Hepliaklqana.
             Slain by a vault warden
             ... wielding a +1 battleaxe of venom
              (9 damage)
             ... on level 4 of the Vaults.
             The game lasted 01:10:30 (44841 turns).

inmateoo the Shatterer (Gargoyle Wanderer)         Turns: 44841, Time: 01:10:30

Health: -5/129     AC: 47    Str: 22    XL:     22   Next: 94%
Magic:  31/31      EV: 14    Int: 23    God:    Hepliaklqana [******]
Gold:   2064       SH: 19    Dex: 16    Spells: 19/28 levels left

rFire   + . .      SeeInvis +   F - +8 eveningstar (vamp)
rCold   + + .      Faith    .   R - +5 kite shield of Usitsib {Rampage rF+}
rNeg    + + +      Spirit   .   p - +6 chain mail "Boaziuha" {rN+ Regen+}
rPois   ∞          Reflect  .   g - +2 helmet
rElec   +          Harm     .   w - +0 cloak "Saifihiso" {*Corrode rC+ rN+ SInv}
rCorr   +          Rampage  +   c - +1 pair of gloves
Will    ++...                   e - +1 pair of boots of the Heavens {Dex+2}
Stlth   ..........              m - amulet of regeneration
HPRegen 1.91/turn               O - ring of Guarchue {rC+ rCorr Int+6}
MPRegen 0.22/turn               k - ring "Mulyrgh" {Fly Will+ Dex+4 Slay+4}

@: flying, studying 3 skills
A: reduced essence, sickness immunity, AC +16, big wings, negative energy
resistance 1, electricity resistance, torment resistance 1, petrification
resistance
}: 2/15 runes: decaying, gossamer
a: Renounce Religion, Recall Ancestor, Ancestor Identity, Transference, Idealise


You were on level 4 of the Vaults.
You worshipped Hepliaklqana.
Hepliaklqana was exalted by your worship.
You visited 7 branches of the dungeon, and saw 38 of its levels.
You also visited: Sewer, Bailey, Gauntlet and Desolation.

You collected 5071 gold pieces.
You spent 3007 gold pieces at shops.

Inventory:

Hand Weapons
 F - a +8 vampiric eveningstar (weapon)
 W - a +5 sacred scourge of holy wrath
Missiles
 A - 4 throwing nets (quivered)
Armour
 c - a +1 pair of gloves (worn)
 e - the +1 pair of boots of the Heavens (worn) {Dex+2}
   (You found it on level 4 of the Spider Nest)

   Dex:       It affects your dexterity (+2).
 g - a +2 helmet (worn)
 p - the +6 chain mail "Boaziuha" (worn) {rN+ Regen+}
   (You bought it in a shop on level 3 of the Elven Halls)

   rN:        It protects you from negative energy.
   Regen:     It increases your rate of health regeneration.
 w - the +0 cloak "Saifihiso" (worn) {*Corrode rC+ rN+ SInv}
   (You found it in a Gauntlet)

   rC:        It protects you from cold.
   rN:        It protects you from negative energy.
   SInv:      It lets you see invisible.
   *Corrode:  It may corrode you when you take damage.
 R - the +5 kite shield of Usitsib (worn) {Rampage rF+}
   (You acquired it on level 2 of the Elven Halls)

   rF:        It protects you from fire.
   Rampage:   It bestows one free step when moving towards enemies.
 V - the -1 cloak "Ganour" {rF+}
   (You found it on level 3 of the Vaults)

   rF:        It protects you from fire.
Jewellery
 h - a ring of fire
 k - the ring "Mulyrgh" (right hand) {Fly Will+ Dex+4 Slay+4}
   (You found it in the Desolation of Salt)

   [ring of slaying]

   Dex:       It affects your dexterity (+4).
   Slay:      It affects your accuracy & damage with ranged weapons and melee
   (+4).
   Fly:       It grants you flight.
   Will:      It increases your willpower.
 m - an amulet of regeneration (around neck)
 s - a ring of willpower
 O - the ring of Guarchue (left hand) {rC+ rCorr Int+6}
   (You found it in the Desolation of Salt)

   [ring of intelligence]

   Int:       It affects your intelligence (+6).
   rC:        It protects you from cold.
   rCorr:     It protects you from acid and corrosion.
Wands
 a - a wand of mindburst (27)
 j - a wand of digging (7)
 u - a wand of roots (29)
 B - a wand of quicksilver (21)
 D - a wand of polymorph (5)
 E - a wand of flame (33)
 H - a wand of charming (46)
Scrolls
 i - 12 scrolls of teleportation
 t - a scroll of fear
 v - 6 scrolls of fog
 x - 3 scrolls of amnesia
 y - 6 scrolls of enchant armour
 J - a scroll of silence
 K - a scroll of brand weapon
 P - 3 scrolls of magic mapping
 S - 2 scrolls of poison
 T - 3 scrolls of blinking
Potions
 b - 8 potions of heal wounds
 d - 9 potions of brilliance
 f - 3 potions of magic
 l - 3 potions of resistance
 n - 6 potions of ambrosia
 o - a potion of cancellation
 r - 4 potions of haste
 z - 9 potions of curing
 G - 6 potions of invisibility
 I - 3 potions of berserk rage
 N - 5 potions of mutation
 Q - 4 potions of might
Miscellaneous
 C - a lightning rod (4/4)
 L - a box of beasts
 M - a condenser vane


   Skills:
 + Level 16.8 Fighting
 + Level 22.0 Maces & Flails
 + Level 16.0 Armour
 + Level 14.8 Dodging
 - Level 1.1 Stealth
 - Level 15.0 Shields
 + Level 3.9 Spellcasting
 + Level 3.2 Translocations
 + Level 3.0 Transmutations
 + Level 2.9 Air Magic
 + Level 5.2 Earth Magic
 + Level 12.8 Invocations
 + Level 8.7 Evocations


You had 19 spell levels left.
You knew the following spells:

 Your Spells              Type           Power      Damage    Failure   Level
a - Sandblast             Erth           56%        2d13      10%         1
b - Passwall              Tmut/Erth      19%        N/A       22%         2
c - Apportation           Tloc           38%        N/A       22%         1
d - Blink                 Tloc           38%        N/A       32%         2
e - Swiftness             Air            18%        N/A       58%         3

Your spell library contained the following spells:

 Spells                   Type           Power      Damage    Failure   Level
 Shock                    Conj/Air       44%        1d5       41%         1
 Sting                    Tmut/Pois      44%        1d5       41%         1
 Gell's Gravitas          Tloc           19%        N/A       54%         3
 Poisonous Vapours        Pois/Air       22%        N/A       56%         2
 Static Discharge         Conj/Air       11%        3-5/arc   56%         2
 Magic Dart               Conj           16%        1d3       63%         1
 Slow                     Hex            16%        N/A       63%         1
 Stone Arrow              Conj/Erth      32%        3d9       63%         3
 Call Imp                 Summ           4%         N/A       77%         2
 Ensorcelled Hibernation  Hex/Ice        8%         N/A       77%         2
 Scorch                   Fire           8%         2d5       77%         2
 Portal Projectile        Hex/Tloc       24%        N/A       77%         3
 Spider Form              Tmut/Pois      11%        N/A       78%         3
 Petrify                  Tmut/Erth      23%        N/A       83%         4
 Mephitic Cloud           Conj/Pois/Air  9%         N/A       86%         3
 Passage of Golubria      Tloc           19%        N/A       91%         4
 Confusing Touch          Hex            4%         N/A       94%         3
 Dazzling Flash           Conj/Hex       8%         N/A       94%         3
 Tukima's Dance           Hex            4%         N/A       94%         3
 Vampiric Draining        Necr           4%         2d6       94%         3
 Airstrike                Air            9%         2d(2-18)  94%         4
 Animate Armour           Summ/Erth      32%        N/A       95%         4
 Manifold Assault         Tloc           19%        N/A       99%         5
 Anguish                  Hex/Necr       2%         N/A       100%        4
 Dispel Undead            Necr           4%         3d7       100%        4
 Flame Wave               Conj/Fire      4%         2d5       100%        4
 Olgreb's Toxic Radiance  Pois           4%         N/A       100%        4
 Sticky Flame             Conj/Fire      4%         2d3       100%        4
 Summon Ice Beast         Ice/Summ       4%         N/A       100%        4
 Agony                    Necr           4%         N/A       100%        5
 Blade Hands              Tmut           9%         N/A       100%        5
 Borgnjor's Vile Clutch   Necr/Erth      8%         N/A       100%        5
 Fireball                 Conj/Fire      2%         3d4       100%        5
 Iskenderun's Battlesphe  Conj           4%         2d6       100%        5
 Silence                  Hex/Air        5%         N/A       100%        5
 Summon Forest            Summ/Tloc      6%         N/A       100%        5
 Summon Mana Viper        Hex/Summ       4%         N/A       100%        5
 Yara's Violent Unravell  Hex/Tmut       5%         3d4       100%        5
 Conjure Ball Lightning   Conj/Air       5%         3x3d6     100%        6
 Dispersal                Tloc           9%         N/A       100%        6
 Iron Shot                Conj/Erth      8%         9d3       100%        6
 Summon Cactus Giant      Summ           2%         N/A       100%        6
 Enfeeble                 Hex            2%         N/A       100%        7
 Malign Gateway           Summ/Tloc      6%         N/A       100%        7
 Orb of Destruction       Conj           2%         9d5       100%        7
 Spellforged Servitor     Conj/Summ      2%         N/A       100%        7
 Disjunction              Tloc           9%         N/A       100%        8
 Necromutation            Tmut/Necr      5%         N/A       100%        8


Dungeon Overview and Level Annotations

Branches:
Dungeon (15/15)            Temple (0/1) D:6            Lair (5/5) D:10
  Swamp (4/4) Lair:3       Spider (4/4) Lair:3        Slime (0/5) Lair:4
    Orc (2/2) D:9             Elf (3/3) Orc:2        Vaults (4/5) D:13
  Crypt (0/3) Vaults:3     Depths (0/4) D:15          Sewer (visited)
 Bailey (visited)         Desolation (visited)      Gauntlet (visited)

Altars:
Dithmenos
Hepliaklqana
Kikubaaqudgha
Yredelemnul
Jiyva

Shops:
D:4 *   D:6 ??   D:13 :   Orc:2 (=[*   Elf:3 [   Vaults:2 (

Annotations:
D:13 2 transporters, 00Nightcrawler's ghost, journeyman VSTm; OceanMan's ghost, journeyman MiFi


Innate Abilities, Weirdness & Mutations

Your life essence is reduced to manifest your ancestor. (-10% HP)
You are immune to sickness and miasma.
Your stone body is resilient. (AC +16)
You are immune to poison.
Your large and strong wings let you fly.
You resist negative energy. (rN+)
You are resistant to electric shocks. (rElec)
You are resistant to unholy torment.
You are immune to petrification.


Message History

The bolt of magma hits the ancient lich.
The ancient lich partially resists.
The bolt of magma misses the green very ugly thing.
The bolt of magma hits the orc knight!!!
The vault warden activates a sealing rune.
A door slams shut!
You block the deep troll's attack.
The deep troll claws you but does no damage.
The deep troll barely misses you.
You hit the ancient lich but do no damage.
The ancient lich is lightly damaged.
The ancient lich points at you and mumbles some strange words.
You resist with significant effort.
The green very ugly thing tail-slaps you!
You block the green very ugly thing's attack.
The green very ugly thing bites you.
Vallya points at the ancient lich and mumbles some strange words.
The stone arrow hits the ancient lich!
The vault warden hits you with a +1 battleaxe of venom!
The vault warden hits Vallya with a +1 battleaxe of venom!
Vallya is destroyed!
The deep troll barely misses you.
The deep troll claws you but does no damage.
You block the deep troll's attack. The ancient lich barely misses you.
You bludgeon the ancient lich!!
The ancient lich is moderately damaged.
The ancient lich gestures at you while chanting.
The crystal spear hits you!!!
Ouch! That really hurt!
* * * LOW HITPOINT WARNING * * *
The deep troll bites you.
* * * LOW HITPOINT WARNING * * *
The deep troll claws you!
* * * LOW HITPOINT WARNING * * *
You block the deep troll's attack.
The green very ugly thing tail-slaps you.
* * * LOW HITPOINT WARNING * * *
You block the green very ugly thing's attack.
The green very ugly thing tail-slaps you but does no damage.
The vault warden hits you with a +1 battleaxe of venom!
You die...

....# #......#.<....#
...## #......#......# ..##
#......'......# .##
#......######## ##
######+##############
#####...#.......#.......#
#.#.'...#...<.[.#)....#.#
#.#R#...#.#.#[.u#u#.#...#
....#.......#[)p@To.#.#.#
....#.......#..[Lu..#...#
....#################'####
....# #......# ....#
#############......# ....#
#...........'......# ....#
#..#.#)#.#..#......# ....#
#.<#######..#......# #.#.#
#..#.#.#.#..#......#


You could see an ancient lich (fast), 3 very ugly things, a vault warden, an orc
knight and a deep troll.

Vanquished Creatures
  An ancient lich (Vaults:3)
  A dread lich (Vaults:3)
  Mennas (Vaults:4)
  Saint Roka (Elf:2)
  Nikola (Elf:3)
  Rupert (Lair:5)
  2 liches (Vaults:3)
  3 deep elf blademasters (Elf:3)
  4 deep elf master archers (Elf:3)
  A storm dragon (Vaults:4)
  Donald (Swamp:1)
  Aizul (Swamp:4)
  A frost giant (Vaults:3)
  4 deep elf sorcerers
  2 vault wardens (Vaults:3)
  A ghost moth (Spider:4)
  3 emperor scorpions (Spider:4)
  An orc warlord (Orc:1)
  A deep elf elementalist (Elf:3)
  8 ironbound preservers
  2 broodmothers
  9 very ugly things
  A stone giant (Vaults:3)
  5 ironbound thunderhulks
  A deep elf demonologist (Vaults:3)
  A halazid warlock (Desolation)
  2 entropy weavers
  2 spark wasps
  7 dire elephants
  5 bunyips
  4 eleionomae
  6 deep elf annihilators (Elf:3)
  4 deep elf death magi (Elf:3)
  A deep elf high priest (Elf:3)
  A great orb of eyes (Vaults:4)
  3 yaktaur captains (Vaults:3)
  2 shambling mangroves
  2 rakshasas (D:15)
  2 ragged hierophants (Desolation)
  24 vault guards
  An ogre mage (D:15)
  Harold (D:11)
  5 peacekeepers (Desolation)
  A catoblepas (D:15)
  15 hydras
  3 centaur warriors
  5 ironbound frosthearts
  6 boulder beetles
  6 alligators
  2 two-headed ogres
  25 dancing weapons
  A death knight (D:14)
  An orc high priest (Elf:2)
  4 spriggan berserkers
  2 death yaks (Lair:2)
  12 deep elf knights
  2 sun moths
  3 pharaoh ants
  8 skeletal warriors
  2 goliath frogs
  21 deep trolls
  5 orb spiders
  4 steelbarb worms
  6 bog bodies
  A glowing orange brain (shapeshifter) (Elf:1)
  3 spriggan druids
  A deep troll (shapeshifter) (Vaults:4)
  4 lindwurms
  7 swamp dragons
  6 deep elf archers
  9 wizards
  5 spectral wolf spiders (Spider:1)
  2 orc knights
  A phantasmal warrior (Vaults:3)
  13 deep elf zephyrmancers
  7 ironbound convokers
  5 orc sorcerers
  21 deep elf pyromancers
  21 ugly things
  19 wolf spiders
  5 wolf spider zombies (Spider:1)
  3 will-o-the-wisps
  2 cyclopes
  2 moths of wrath
  2 elephants (Lair:1)
  3 black mambas
  3 manticores
  A moth of wrath (shapeshifter) (D:15)
  5 guardian serpents (Desolation)
  3 vault sentinels
  A smoke demon (Gauntlet)
  2 torpor snails
  A gargoyle (D:10)
  7 cane toads
  A molten gargoyle (Desolation)
  5 komodo dragons
  4 demonic crawlers
  An unseen horror (D:11)
  2 rime drakes
  A red devil (Gauntlet)
  3 freezing wraiths
  A queen bee (shapeshifter) (Gauntlet)
  9 yaktaurs
  4 trolls
  4 polar bears
  Grinder (D:4)
  2 wolf spider simulacra (Spider:1)
  7 tyrant leeches
  32 saltlings (Desolation)
  9 tarantellas
  6 hornets
  20 slime creatures
  8 blink frogs
  Prince Ribbit (Bailey)
  15 dream sheep
  9 culicivoras
  3 wraiths
  2 air elementals
  11 jumping spiders
  2 shadows
  A wyvern (Lair:5)
  4 humans (Bailey)
  17 spriggans
  15 yaks
  30 redbacks
  5 basilisks
  8 vampire mosquitoes
  Menkaure (D:4)
  3 wargs
  11 swamp worms
  12 water moccasins
  An acid dragon (D:12)
  7 swamp drakes
  4 black bears
  An ice beast (D:5)
  16 orc warriors
  6 ogres
  6 boggarts
  24 wolves
  3 centaurs
  A phantom (D:5)
  A kobold brigand (Sewer)
  12 bullfrogs
  A gnoll sergeant (D:8)
  3 necrophages
  An earth elemental (Elf:1)
  4 scorpions
  7 wights
  A killer bee (D:9)
  2 howler monkeys
  An electric eel (Lair:1)
  2 crimson imps (Gauntlet)
  3 hounds
  2 jellies
  17 orc priests
  A gnoll bouda (D:6)
  3 iguanas
  11 orc wizards
  Robin (D:1)
  14 gnolls
  6 adders
  9 shadow imps
  A white imp (D:8)
  5 ufetubi
  5 worms
  2 dart slugs
  37 orcs
  7 ball pythons
  6 endoplasms
  11 giant cockroaches
  19 goblins
  10 hobgoblins
  8 jackals
  27 kobolds
  5 quokkas
  3 bats
  5 frilled lizards
  2 kobold zombies (Sewer)
  3 rats (D:1)
1026 creatures vanquished.

Vanquished Creatures (collateral kills)
  Mara (Spider:4)
  The ghost of Lukheov the Peltast, a veteran DrWn of Okawaru (Vaults:3)
  Jorgrun (D:14)
  Zenata (Vaults:2)
  A deep elf blademaster (Elf:2)
  2 vault wardens (Vaults:3)
  3 emperor scorpions
  An imperial myrmidon (Desolation)
  4 deep elf sorcerers (Elf:3)
  2 ghost moths (Spider:4)
  3 deep elf elementalists (Elf:3)
  3 ironbound preservers
  A broodmother (Spider:1)
  3 ironbound thunderhulks
  4 deep elf annihilators (Elf:3)
  A halazid warlock (Desolation)
  2 eleionomae
  7 dire elephants
  3 entropy weavers
  A minotaur (Gauntlet)
  4 bunyips
  2 spark wasps
  A crystal guardian (Desolation)
  A deep elf death mage (Elf:3)
  3 ragged hierophants (Desolation)
  Josephine (D:10)
  2 yaktaur captains
  3 servants of whispers (Desolation)
  3 great orbs of eyes
  5 hydras
  A jorogumo (Spider:2)
  2 vault guards (Vaults:4)
  A spriggan air mage (Swamp:2)
  4 peacekeepers (Desolation)
  6 boulder beetles
  3 ironbound frosthearts
  A ghost crab (Swamp:3)
  An ogre mage (D:15)
  A rakshasa (D:15)
  2 radroaches
  3 centaur warriors (Vaults:2)
  4 two-headed ogres
  2 death yaks
  8 dancing weapons
  4 alligators
  8 deep elf knights
  Urug (Lair:2)
  An orc high priest (Orc:2)
  Amaemon (D:9)
  A soul eater (Gauntlet)
  4 skeletal warriors
  A sun moth (Spider:3)
  2 goliath frogs (Swamp:2)
  2 pharaoh ants
  4 orb spiders
  2 steelbarb worms
  6 swamp dragons
  5 deep trolls
  2 deep elf archers (Elf:2)
  3 bog bodies
  2 orc knights (Orc:2)
  11 deep elf zephyrmancers
  A wizard (Vaults:1)
  A wolf spider zombie (Spider:1)
  7 ironbound convokers
  2 will-o-the-wisps
  8 deep elf pyromancers
  9 ugly things
  4 orc sorcerers
  7 wolf spiders
  3 moths of wrath
  3 cyclopes
  An elephant (Lair:1)
  A vault sentinel (Vaults:4)
  2 torpor snails
  An orange demon (D:9)
  2 guardian serpents (Desolation)
  A cane toad (Lair:2)
  A rime drake (Lair:3)
  7 demonic crawlers
  7 komodo dragons
  A rime drake (shapeshifter) (Gauntlet)
  3 yaktaurs
  A troll (Orc:2)
  A tyrant leech (Swamp:1)
  2 polar bears (Lair:5)
  10 hornets
  10 tarantellas
  9 slime creatures
  16 blink frogs
  9 dream sheep
  23 saltlings (Desolation)
  An air elemental (Elf:2)
  11 jumping spiders
  7 culicivoras
  A shadow (D:9)
  7 spriggans
  A water elemental (Elf:3)
  3 wraiths
  A wyvern (Lair:5)
  13 yaks
  A basilisk (Lair:5)
  A fire elemental (Elf:2)
  2 steam dragons
  18 redbacks
  4 vampire mosquitoes
  6 swamp worms
  A warg (Orc:1)
  3 water moccasins
  11 orc warriors
  2 swamp drakes (Swamp:4)
  2 ice beasts
  6 ogres
  A black bear (Lair:5)
  2 boggarts
  19 wolves
  A centaur (D:6)
  2 kobold brigands
  4 bullfrogs
  A necrophage (D:7)
  An earth elemental (Elf:1)
  2 gnoll sergeants
  A wight (D:8)
  A scorpion (shapeshifter) (Gauntlet)
  2 killer bees (D:9)
  4 howler monkeys
  An electric eel (Lair:1)
  A howler monkey (shapeshifter) (Gauntlet)
  A crimson imp (Gauntlet)
  A hound (D:6)
  A jelly (D:7)
  10 orc priests
  9 orc wizards
  6 gnolls
  4 shadow imps
  23 orcs
  3 goblins (D:7)
  2 kobolds (D:9)
527 creatures vanquished.

Vanquished Creatures (others)
  A deep elf knight (Elf:2)
  6 bloated husks
  A redback (Spider:2)
  A swamp worm (Swamp:4)
  48 battlemagi
  4 ancestors
  2 orcs (Orc:2)
  13 demonic plants (Gauntlet)
  15 foxfires
  35 fungi
  36 plants
162 creatures vanquished.

Grand Total: 1715 creatures vanquished

Notes
Turn   | Place    | Note
-------+----------+-------------------------------------------
     0 | D:1      | inmateoo the Gargoyle Wanderer began the quest for the Orb.
     0 | D:1      | inmateoo set off with the following items: a +2 mace, a
                  | wand of polymorph (3), a potion of curing, a +0 leather
                  | armour; and the following spell memorised: Sandblast; and
                  | the following spells available to memorise: Stone Arrow.
     0 | D:1      | Reached XP level 1. HP: 12/12 MP: 3/3
   577 | D:1      | Reached XP level 2. HP: 16/16 MP: 5/5
   907 | D:1      | Reached skill level 1 in Armour
   954 | D:1      | Found a faded altar of an unknown god.
  1096 | D:2      | Noticed Robin
  1319 | D:1      | Reached XP level 3. HP: 12/21 MP: 6/6
  1572 | D:1      | Killed Robin
  1573 | D:1      | Reached skill level 1 in Dodging
  2143 | D:2      | Reached XP level 4. HP: 26/26 MP: 7/7
  2856 | D:3      | You fall into a shaft and drop 1 floor!
  2863 | D:4      | Noticed Sigmund
  2864 | D:4      | Noticed Sigmund
  2864 | D:4      | Sigmund changed into Sigmund the frilled lizard
  2869 | D:4      | Killed Sigmund the frilled lizard
  2920 | D:4      | Reached skill level 3 in Maces & Flails
  2920 | D:4      | Reached XP level 5. HP: 23/31 MP: 8/8
  3273 | D:4      | Found a runed translucent door.
  3274 | D:4      | Noticed Crazy Yiuf
  3279 | D:4      | Noticed Crazy Yiuf
  3279 | D:4      | Crazy Yiuf changed into Crazy Yiuf the orc
  3280 | D:4      | Paralysed by Crazy Yiuf for 5 turns
  3285 | D:4      | Killed Crazy Yiuf the orc
  3360 | D:4      | Noticed Grinder
  3363 | D:4      | Found Hoilohaen's CLEARANCE SALE!.
  4063 | D:4      | Paralysed by Grinder for 4 turns
  4083 | D:4      | Paralysed by Grinder for 2 turns
  4332 | D:4      | Paralysed by Grinder for 3 turns
  4335 | D:4      | Killed Grinder
  4336 | D:4      | Reached XP level 6. HP: 7/38 MP: 9/9
  4649 | D:4      | Noticed Menkaure
  4662 | D:4      | Killed Menkaure
  4663 | D:4      | Reached skill level 4 in Maces & Flails
  4663 | D:4      | Reached XP level 7. HP: 14/43 MP: 10/10
  5822 | D:5      | Entered Level 5 of the Dungeon
  5936 | D:5      | Got Sif Muna's Catalogue of Changing and Elsewhere
  5997 | D:5      | Reached XP level 8. HP: 37/48 MP: 11/11
  6080 | D:5      | Found a glowing drain.
  6116 | D:5      | Reached skill level 5 in Fighting
  6130 | Sewer    | Entered a sewer
  6203 | Sewer    | Reached skill level 5 in Maces & Flails
  6287 | Sewer    | Found an ancient bone altar of Kikubaaqudgha.
  6299 | Sewer    | Reached skill level 5 in Armour
  6539 | Sewer    | Identified the +5 buckler "Sanoin" {Dex+5}
  6775 | D:5      | Reached skill level 1 in Shields
  6782 | D:5      | Found a hazy altar of Hepliaklqana.
  6933 | D:5      | Became a worshipper of Hepliaklqana the Forgotten
  7350 | D:6      | Found Kaseme's Magic Scroll Emporium.
  7353 | D:6      | Bought a scroll of identify for 26 gold pieces
  7353 | D:6      | Bought a scroll of identify for 26 gold pieces
  7353 | D:6      | Bought a scroll of identify for 26 gold pieces
  7353 | D:6      | Bought a scroll of teleportation for 39 gold pieces
  7353 | D:6      | Bought a scroll of summoning for 123 gold pieces
  7423 | D:6      | Reached XP level 9. HP: 55/55 MP: 12/12
  7798 | D:6      | Found a staircase to the Ecumenical Temple.
  7839 | D:6      | Reached * piety under Hepliaklqana
  7848 | D:6      | Found Fahoph's Magic Scroll Emporium.
  8003 | D:6      | HP: 1/49 [centaur/bolt of dispelling energy (18)]
  8006 | D:6      | Reached skill level 6 in Maces & Flails
  9011 | D:7      | Found a flagged portal.
  9037 | Bailey   | Entered a bailey
  9118 | Bailey   | Reached skill level 5 in Dodging
  9379 | Bailey   | Reached XP level 10. HP: 51/56 MP: 13/13
  9511 | Bailey   | Noticed Prince Ribbit
  9511 | Bailey   | Noticed a vault guard
  9515 | Bailey   | Killed Prince Ribbit
  9536 | Bailey   | Killed a vault guard
  9537 | Bailey   | Reached skill level 7 in Maces & Flails
  9537 | Bailey   | Reached skill level 5 in Shields
  9650 | Bailey   | Noticed a vault guard
 11647 | D:8      | Reached ** piety under Hepliaklqana
 11648 | D:8      | Remembered your ancestor Vallya as a battlemage
 12224 | D:8      | Noticed a deep elf zephyrmancer
 12230 | D:8      | Killed a deep elf zephyrmancer
 12231 | D:8      | Reached XP level 11. HP: 53/62 MP: 14/14
 12334 | D:9      | Found a staircase to the Orcish Mines.
 12339 | D:9      | Reached skill level 8 in Maces & Flails
 12558 | D:9      | Noticed Amaemon
 12567 | D:9      | Killed Amaemon
 13037 | D:10     | Entered Level 10 of the Dungeon
 13178 | D:10     | Found a staircase to the Lair.
 13381 | D:10     | Identified the +7 dagger of Qidoryh {protect, SInv}
 13618 | D:10     | Noticed Josephine
 13628 | D:10     | Killed Josephine
 13631 | D:10     | Reached skill level 9 in Maces & Flails
 13811 | Lair:1   | Entered Level 1 of the Lair of Beasts
 13811 | Lair:1   | Reached *** piety under Hepliaklqana
 13865 | Lair:1   | Reached XP level 12. HP: 51/68 MP: 15/15
 14324 | Lair:1   | Reached skill level 10 in Armour
 14328 | Lair:1   | Reached skill level 10 in Fighting
 14568 | Lair:1   | Reached **** piety under Hepliaklqana
 15201 | Lair:2   | Reached skill level 10 in Maces & Flails
 15474 | Lair:2   | Noticed Urug
 15486 | Lair:2   | Found a shadowy altar of Dithmenos.
 15488 | Lair:2   | Killed Urug
 16132 | Lair:2   | Reached XP level 13. HP: 75/75 MP: 16/16
 16186 | Lair:3   | Reached ***** piety under Hepliaklqana
 16259 | Lair:3   | Found a hole to the Spider Nest.
 16362 | Lair:3   | Reached skill level 11 in Maces & Flails
 16879 | Lair:3   | Found a staircase to the Swamp.
 18020 | Lair:4   | Found a viscous altar of Jiyva.
 18020 | Lair:4   | Found a staircase to the Slime Pits.
 18126 | Lair:5   | Entered Level 5 of the Lair of Beasts
 18307 | Lair:5   | Reached skill level 12 in Maces & Flails
 18307 | Lair:5   | Reached skill level 10 in Dodging
 18681 | Lair:5   | Reached skill level 13 in Maces & Flails
 18760 | Lair:5   | Noticed Nessos
 18763 | Lair:5   | Noticed Nessos
 18763 | Lair:5   | Nessos changed into Nessos the tarantella
 18766 | Lair:5   | Killed Nessos the tarantella
 18817 | Lair:5   | Gained mutation: Your large and strong wings let you fly.
                  | [Gargoyle growth]
 18817 | Lair:5   | Reached XP level 14. HP: 75/82 MP: 17/17
 18817 | Lair:5   | Reached XP level 15. HP: 78/86 MP: 17/20
 19017 | Lair:5   | Reached skill level 14 in Maces & Flails
 19368 | Lair:5   | Noticed Rupert
 19384 | Lair:5   | Killed Rupert
 19488 | Lair:5   | Reached skill level 15 in Maces & Flails
 20179 | D:11     | Reached ****** piety under Hepliaklqana
 20767 | D:11     | Noticed Harold
 20779 | D:11     | Killed Harold
 20780 | D:11     | Reached skill level 16 in Maces & Flails
 21089 | D:12     | Found a gate leading to a gauntlet.
 21106 | Gauntlet | Entered a Gauntlet
 21106 | Gauntlet | Found a transporter.
 21106 | Gauntlet | Found a transporter.
 21106 | Gauntlet | Found a transporter.
 21126 | Gauntlet | Found a transporter.
 21136 | Gauntlet | Found a transporter.
 21140 | Gauntlet | Found a transporter.
 21150 | Gauntlet | Found a transporter.
 21171 | Gauntlet | Found a transporter.
 21190 | Gauntlet | Found a transporter.
 21192 | Gauntlet | Found a transporter.
 21202 | Gauntlet | Found a transporter.
 21206 | Gauntlet | Found a transporter.
 21461 | Gauntlet | Identified the +0 cloak "Saifihiso" {*Corrode rC+ rN+ SInv}
 21492 | Gauntlet | Identified the +0 robe "Niptilot" {*Corrode Int+3 Dex+2}
 21493 | Gauntlet | Got the Enchiridion on Putrid Excavation
 21493 | Gauntlet | Got the Papyrus of the Topological Mountains
 22112 | D:13     | Found a transporter.
 22112 | D:13     | Found a transporter.
 22123 | D:13     | Noticed 00Nightcrawler's ghost (journeyman VSTm)
 22146 | D:13     | Noticed OceanMan's ghost (journeyman MiFi)
 22278 | D:13     | Found Xihux's Self-Improvement Boutique.
 22390 | D:13     | Reached skill level 17 in Maces & Flails
 22598 | D:13     | Found a gate to the Vaults.
 22860 | D:14     | Noticed Jorgrun
 22868 | D:14     | Killed Jorgrun
 23431 | D:14     | Reached XP level 16. HP: 79/90 MP: 21/21
 23636 | D:14     | Reached skill level 18 in Maces & Flails
 23739 | D:14     | Identified the ring of Eternal Night {rElec Will- MP-9
                  | Int+8 Dex+6}
 24112 | D:15     | Entered Level 15 of the Dungeon
 24562 | D:15     | Reached skill level 19 in Maces & Flails
 24661 | D:15     | Paralysed by a great orb of eyes for 5 turns
 25546 | D:15     | Found a hazy altar of Hepliaklqana.
 25813 | D:15     | Found a staircase to the Depths.
 26019 | Orc:1    | Entered Level 1 of the Orcish Mines
 26371 | Orc:2    | Entered Level 2 of the Orcish Mines
 27521 | Orc:2    | Found the +8 demon blade "Leech" {vamp, Harm Drain rN+}
 27688 | Orc:2    | Found a staircase to the Elven Halls.
 27696 | Orc:2    | Found Cuanoa Gofi's Antique Weapon Boutique.
 27712 | Orc:2    | Found Ropluto's Antique Armour Boutique.
 27894 | Orc:2    | Found Aliodgh's Jewellery Boutique.
 27900 | Orc:2    | Bought an amulet of regeneration for 480 gold pieces
 27909 | Orc:2    | Found Eplot's General Store.
 27916 | Orc:2    | Bought a scroll of blinking for 105 gold pieces
 27933 | Orc:2    | Bought a ring of willpower for 400 gold pieces
 28253 | Swamp:1  | Entered Level 1 of the Swamp
 28548 | Swamp:1  | Reached XP level 17. HP: 58/96 MP: 22/22
 28798 | Swamp:1  | Noticed Donald
 28804 | Swamp:1  | Killed Donald
 28830 | Swamp:1  | Reached skill level 20 in Maces & Flails
 30480 | Swamp:4  | Entered Level 4 of the Swamp
 30641 | Swamp:4  | Noticed Aizul
 30658 | Swamp:4  | Killed Aizul
 30725 | Swamp:4  | Reached skill level 5 in Evocations
 30790 | Swamp:4  | Reached XP level 18. HP: 102/102 MP: 24/24
 30831 | Swamp:4  | Reached skill level 10 in Shields
 30912 | Swamp:4  | Got a decaying rune of Zot
 31256 | Spider:1 | Entered Level 1 of the Spider Nest
 31466 | Spider:1 | You are sucked into a shaft and drop 1 floor!
 31851 | Spider:2 | Reached skill level 10 in Invocations
 33543 | Spider:4 | Entered Level 4 of the Spider Nest
 33698 | Spider:4 | Reached XP level 19. HP: 104/109 MP: 26/26
 34258 | Spider:4 | Reached skill level 21 in Maces & Flails
 34271 | Spider:4 | Noticed Mara
 34616 | Spider:4 | Killed Mara
 34718 | Spider:4 | Identified the +1 pair of boots of the Heavens {Dex+2}
 34763 | Spider:4 | Got a gossamer rune of Zot
 35069 | Elf:1    | Entered Level 1 of the Elven Halls
 35069 | Elf:1    | Found a crumbling gateway.
 35111 | Desolati | Entered the Desolation of Salt
 35290 | Desolati | Reached skill level 15 in Fighting
 35368 | Desolati | Got Xatharae's Secrets of Wanderlust
 35369 | Desolati | Identified the +1 chain mail "Peywur" {*Corrode rPois
                  | Regen+}
 35391 | Desolati | Identified the ring "Mulyrgh" {Fly Will+ Dex+4 Slay+4}
 35505 | Desolati | Found the +8 whip "Snakebite" {venom, curare, rPois}
 35937 | Desolati | Identified the +1 hand axe of the Purple Skies {spect,
                  | Drain +Blink rF+}
 35965 | Desolati | Identified the +10 broad axe of Ashenzari's Delight {venom,
                  | rN+}
 35966 | Desolati | Identified the ring of Guarchue {rC+ rCorr Int+6}
 35977 | Desolati | Identified the ring "Diatoeh" {rF- rC+++ rN++ rCorr Int-4}
 35979 | Desolati | Identified the ring "Vahyjate" {Dex+3 SInv}
 36130 | Desolati | Got the Vellum of Poisoning and Shifting
 36138 | Desolati | Identified the ring "Lageimoo" {Wiz rElec rPois rC- Str+2}
 36179 | Desolati | Got Sif Muna's Catalogue of Translocated Leadership
 36401 | Elf:1    | Reached XP level 20. HP: 116/116 MP: 27/27
 37117 | Elf:2    | Reached skill level 15 in Armour
 37332 | Elf:2    | Identified a scroll of acquirement
 37343 | Elf:2    | Acquired the +5 kite shield of Usitsib {Rampage rF+}
 37359 | Elf:2    | Paralysed by an air elemental for 1 turns
 37443 | Elf:2    | Found a runed translucent gate.
 37443 | Elf:2    | Found a runed translucent gate.
 37444 | Elf:2    | Found a runed translucent gate.
 37444 | Elf:2    | Noticed Saint Roka
 37486 | Elf:2    | Killed Saint Roka
 38056 | Elf:3    | Entered Level 3 of the Elven Halls
 38056 | Elf:3    | Found Cefiff's Armour Shop.
 38063 | Elf:3    | Bought the +6 chain mail "Boaziuha" {rN+ Regen+} for 502
                  | gold pieces
 38291 | D:13     | Bought a manual of Armour for 1280 gold pieces
 38695 | Elf:3    | Noticed Nikola
 38703 | Elf:3    | Killed Nikola
 39139 | Elf:3    | Reached XP level 21. HP: 85/120 MP: 27/29
 39141 | Elf:3    | Reached skill level 15 in Shields
 39354 | Elf:3    | Identified the +5 scale mail "Arhioph" {rElec Regen+}
 39370 | Elf:3    | Identified the +1 scimitar of Unidoheth {freeze, rN+ Str-2
                  | Int+3 Stlth+}
 39390 | Elf:3    | Found the +4 skin of Zhor {*Englaciate rC+++ SInv}
 40002 | Vaults:1 | Entered Level 1 of the Vaults
 41289 | Vaults:2 | Found Cyecseh's Antique Weapon Boutique.
 41413 | Vaults:2 | Noticed Zenata
 41422 | Vaults:2 | Killed Zenata
 42242 | Vaults:3 | Learned a level 2 spell: Passwall
 42244 | Vaults:3 | Learned a level 1 spell: Apportation
 42247 | Vaults:3 | Learned a level 2 spell: Blink
 42251 | Vaults:3 | Learned a level 3 spell: Swiftness
 42336 | Vaults:3 | Paralysed by a great orb of eyes for 5 turns
 42338 | Vaults:3 | Reached XP level 22. HP: 128/128 MP: 31/31
 42367 | Vaults:3 | Found a staircase to the Crypt.
 42367 | Vaults:3 | Found an ancient bone altar of Kikubaaqudgha.
 42367 | Vaults:3 | Found a basalt altar of Yredelemnul.
 42395 | Vaults:3 | Noticed an ancient lich
 42404 | Vaults:3 | Killed an ancient lich
 42414 | Vaults:3 | Reached skill level 1 in Translocations
 42414 | Vaults:3 | Reached skill level 1 in Transmutations
 42449 | Vaults:3 | Reached skill level 1 in Air Magic
 42625 | Vaults:3 | Identified the +1 scale mail of True Grit {Dex+4}
 42954 | Vaults:3 | Found a runed translucent gate.
 42954 | Vaults:3 | Found a runed translucent gate.
 42954 | Vaults:3 | Found an ancient bone altar of Kikubaaqudgha.
 42954 | Vaults:3 | Found a runed translucent gate.
 42954 | Vaults:3 | Noticed a dread lich
 42955 | Vaults:3 | Noticed Lukheov's ghost (veteran DrWn)
 43226 | Vaults:3 | Identified the +1 pair of boots of Eternal Vigilance {rC+
                  | Str-3 Dex+5}
 43306 | Vaults:3 | Killed a dread lich
 43314 | Vaults:3 | Killed Lukheov's ghost
 43321 | Vaults:3 | Identified the ring "Hipucolu" {AC+4 Str+5}
 43332 | Vaults:3 | Identified the -1 cloak "Ganour" {rF+}
 43339 | Vaults:3 | Identified the +8 hand axe of Beomenosm {freeze, Fly rF-
                  | MP+9}
 44469 | Vaults:5 | Entered Level 5 of the Vaults
 44469 | Vaults:5 | Noticed an ancient lich
 44469 | Vaults:5 | Noticed Mennas
 44500 | Vaults:4 | Killed Mennas
 44501 | Vaults:4 | Reached skill level 22 in Maces & Flails
 44539 | Vaults:5 | Noticed a golden dragon
 44569 | Vaults:4 | Reached skill level 5 in Earth Magic
 44841 | Vaults:4 | HP: 6/129 [deep troll[an ironbound preserver] (11)]
 44841 | Vaults:4 | Slain by a vault warden

Illustrated notes

Levels and vault maps discovered:
D:1:      dpeg_arrival_simpleton_c, layout_loops_corners,
          ebering_ecumenical_altar_hall
D:2:      layout_loops_ring, uniq_robin
D:3:      layout_basic, kennysheep_generic_room_8
D:4:      layout_cave_pods, grunt_decor_one_mirror, nicolae_shop_clearance,
          uniq_menkaure, uniq_grinder, uniq_sigmund, uniq_crazy_yiuf_cottage
D:5:      layout_loops_cross, kennysheep_mini_moat, gup_sewer_entry_pipe
D:6:      layout_layer_cave, minmay_temple_entry_sparse_star,
          nicolae_stop_n_shop_1, nicolae_stop_n_shop_2
D:7:      layout_basic, enter_bailey_5, kennysheep_donut
D:8:      layout_gridville, guppyfry_early_elven_hall
D:9:      layout_rooms, orc_0_dummy, uniq_prince_ribbit1, uniq_amaemon
D:10:     lemuel_flame_loot_2, layout_loops_ring, lair_entry_dummy,
          uniq_josephine
D:11:     layout_basic, minmay_circle_x, uniq_harold
D:12:     layout_rooms, gauntlet_entry_generic
D:13:     layout_stronghold, skrybe_vaults_entry_preservation,
          nzn_ghost_randoct, nicolae_shop_self_help
D:14:     layout_loops_cross, hangedman_decor_points, uniq_jorgrun
D:15:     gammafunk_enter_depths_forms, layout_irregular_city, minivault_25,
          hangedman_decor_opposing, minmay_misc_feat_four_crosses,
          nicolae_hepliaklqana_hazy_memory
Lair:1:   layout_gridlike, infiniplex_staircase_pool
Lair:2:   layout_hall_layers, basic_altar, serial_bayou_crossing,
          serial_bayou_shore_b, lemuel_fruit_tree, uniq_urug
Lair:3:   layout_cave_pods, swamp_mist, spider_nest_entry_web_field,
          grunt_megastairs_2
Lair:4:   layout_regular_city, dpeg_slime_entry_enclosed
Lair:5:   minmay_lair_end_enchanted_forest, layout_long_grid, uniq_rupert,
          uniq_nessos
Swamp:1:  layout_basic_swamp, nicolae_swamp_little_swirl, swamp_pool2,
          uniq_donald
Swamp:2:  nicolae_swamp_secret_spriggan_hideout, layout_basic_swamp,
          evilmike_swamp_ruin_house_3
Swamp:3:  nicolae_swamp_husk_halls, layout_basic_swamp, hangedman_swamp_lotus
Swamp:4:  swamp_basic_johnstein, layout_basic_swamp, uniq_aizul
Spider:1: layout_spider_delve, nicolae_spider_undead_wolf_pack
Spider:2: layout_spider_delve
Spider:3: layout_spider_delve, drop_trap
Spider:4: guppyfry_spider_rune, spiders_nest_the_unseen, uniq_mara
Orc:1:    layout_caves
Orc:2:    grunt_orc_cross, layout_caves, dreamdust_deal_with_the_devil,
          nicolae_orc_damp_corner, rock_pile
Elf:1:    layout_gridlike, portal_desolation_entry_nicolae_menacing_earthworks,
          hangedman_elven_crosses_minicolossus, st_stairs_13
Elf:2:    elven_hall_of_blades_hangedman_original [nicolae_blade_bullseye],
          layout_gridlike, uniq_saint_roka
Elf:3:    minmay_elf_hall_furrowed, layout_geoelf_castle, serial_shops, shop,
          uniq_nikola
Vaults:1: v_pattern_2, vaults_room_grunt_arrival_ludios,
          nicolae_vaults_little_squares_3, v_alt_pattern_5,
          ontoclasm_vaults_chip, nicolae_vaults_little_squares_3,
          layout_vaults_chaotic_city
Vaults:2: hangedman_vaults_nails, nicolae_vaults_circle_grid_b,
          vaults_dpeg_emergency_exit, v_alt_pattern_4, vaults_room_hallway,
          layout_vaults_omnigrid, serial_shops, shop, uniq_zenata
Vaults:3: gammafunk_ghost_crypt, minmay_crypt_entry_necro_gods,
          nicolae_vaults_circle_grid_b, grunt_vaults_hallway_short,
          hangedman_vaults_restitches, vaults_room_semicircle,
          vaults_room_hangedman_quadrants, v_misc_32, v_misc_3,
          nicolae_vaults_circle_grid_a, nicolae_vaults_border_crossing,
          hangedman_vaults_stretched_pinwheel, ontoclasm_vaults_hangar,
          layout_vaults_omnicross
Vaults:4: v_misc_3, vaults_room_large_hall, vaults_room_octagon, v_misc_14,
          hangedman_vaults_cutoff, vaults_dpeg_spiral,
          nicolae_vaults_specimen_jars, vaults_dpeg_ring,
          nicolae_vaults_shelves_hall, v_misc_28, v_misc_5,
          hangedman_vaults_restitches, vaults_dpeg_cross, layout_vaults_omnibox
Vaults:5: uniq_jory, uniq_mennas, uniq_xtahua, uniq_bai_suzhen

Skill      XL: |  1  2  3  4  5  6  7  8  9 10 11 12 13 14 15 16 17 18 19 20 21 22 |
---------------+-------------------------------------------------------------------+-----
Armour         | 1 2 3 4 5 7 8 9 10 11 12 14 15 16 | 16.0
Fighting       | 2 3 4 5 7 8 9 11 12 13 14 15 16 | 16.8
Dodging        | 1 2 3 4 5 6 7 8 10 11 12 13 14 | 14.8
Maces & Flails | 3 4 5 6 7 9 10 13 17 19 20 21 22 | 22.0
Shields        | 2 4 6 7 8 9 11 13 14 15 | 15.0
Invocations    | 7 9 10 12 | 12.8
Evocations     | 2 5 6 8 |  8.7
Translocations | 3 |  3.2
Transmutations | 3 |  3.0
Earth Magic    | 5 |  5.2
Air Magic      | 2 |  2.9
Spellcasting   | 3 |  3.9
Stealth        | |  1.1

Action                   |  1- 3 |  4- 6 |  7- 9 | 10-12 | 13-15 | 16-18 | 19-21 | 22-24 || total
-------------------------+-------+-------+-------+-------+-------+-------+-------+-------++-------
Melee: Mace              |    98 |   157 |   419 |   161 |       |       |       |       ||   835
       Punch             |       |     1 |     4 |       |       |       |       |       ||     5
       Unarmed           |       |     1 |       |       |       |       |       |       ||     1
       Flail             |       |       |       |   348 |   577 |       |       |       ||   925
       Eveningstar       |       |       |       |       |   110 |  1340 |  1240 |   473 ||  3163
Throw: Dart              |       |       |       |       |       |     5 |       |       ||     5
       Throwing net      |       |       |       |       |       |     2 |       |       ||     2
 Cast: Sandblast         |       |     3 |       |       |       |       |       |       ||     3
Invok: Ancestor Identity |       |       |     1 |       |       |       |       |       ||     1
       Recall Ancestor   |       |       |       |     1 |     1 |     6 |     1 |     2 ||    11
       Ancestor Life: Ba |       |       |       |     1 |       |       |       |       ||     1
       Idealise          |       |       |       |       |       |       |       |     1 ||     1
Evoke: Wand              |       |     3 |     4 |     7 |    21 |       |     1 |       ||    36
       Lightning rod     |       |       |       |       |     6 |     4 |       |     4 ||    14
       Box of beasts     |       |       |       |       |     1 |       |     2 |       ||     3
       Condenser vane    |       |       |       |       |       |     2 |     3 |     1 ||     6
  Use: Scroll            |       |     8 |     9 |     5 |     8 |    13 |    12 |     1 ||    56
       Potion            |       |       |     4 |     1 |     2 |     1 |     4 |     3 ||    15
 Stab: Distracted        |       |       |     1 |    11 |     7 |    26 |    26 |     3 ||    74
       Held in net/web   |       |       |       |       |     1 |       |       |       ||     1
       Confused          |       |       |       |       |       |     3 |     2 |     4 ||     9
Armor: Scale mail        |    68 |    83 |       |       |       |       |       |       ||   151
       Chain mail        |       |    20 |   231 |   207 |   236 |   849 |   734 |   252 ||  2529
       Plate armour      |       |       |    83 |     8 |       |       |       |       ||    91
Dodge: Dodged            |    52 |    85 |   203 |   256 |   316 |   678 |   551 |   156 ||  2297
Block: Buckler           |       |       |   116 |   305 |   353 |   815 |   341 |       ||  1930
       Kite shield       |       |       |       |       |       |       |   671 |   397 ||  1068
